 Dungeon Crawl Stone Soup version 0.29.1-12-g30fa7ad0bf (webtiles) character file.

Game seed: 4913591326126716337

22967 croobank the Nimble (level 12, -5/63 HPs)
             Began as a Felid Summoner on Jan 7, 2023.
             Was an Initiate of Gozag.
             Slain by a polar bear (20 damage)
             ... in an ice cave.
             The game lasted 01:50:24 (27144 turns).

croobank the Nimble (Felid Summoner)               Turns: 27144, Time: 01:50:25

Health: -5/63      AC:  3    Str:  7    XL:     12   Next: 67%
Magic:  20/27      EV: 33    Int: 20    God:    Gozag
Gold:   1683       SH:  0    Dex: 27    Spells: 1/31 levels left
                                        Lives:  0   Deaths: 3

rFire   . . .      SeeInvis +   (weapon unavailable)
rCold   + + +      Faith    .   (shield unavailable)
rNeg    . . .      Spirit   .   (body armour unavailable)
rPois   .          Reflect  .   (helmet unavailable)
rElec   .          Harm     .   (cloak unavailable)
rCorr   +          Rampage  .   (gloves unavailable)
Will    .....                   (boots unavailable)
Stlth   ++........              (no amulet)
HPRegen 0.20/turn               y - ring "Milenlul" {rC+ Will- rCorr Str+3 Dex+9}
MPRegen 0.20/turn               B - ring of protection from cold

@: very slow
A: very small, claws 1, fangs 3, see invisible, speed 1, shaggy fur 3, stealthy
paws, no weapons or thrown items, no armour, multi-lived
a: Renounce Religion, Potion Petition, Call Merchant, Bribe Branch


You were in an ice cave.
You worshipped Gozag.
Gozag was most pleased with you.
You visited 3 branches of the dungeon, and saw 17 of its levels.
You also visited: Ice Cave.

You collected 3018 gold pieces.
You spent 628 gold pieces at shops.
You paid 707 gold pieces to Gozag.

Inventory:

Jewellery
 h - a +6 ring of intelligence
 l - the ring of Salvation {rElec rN+++ rCorr Str-5 Int+6}
   (You took it off a vampire on level 7 of the Dungeon)

   [ring of intelligence]

   Str:       It affects your strength (-5).
   Int:       It affects your intelligence (+6).
   rElec:     It insulates you from electricity.
   rN:        It renders you almost immune to negative energy.
   rCorr:     It protects you from acid and corrosion.
 p - a +6 ring of intelligence
 q - the ring "Otaoplay" {*Corrode rPois rN+ Will+ Int+3 Stlth+}
   (You took it off an orc wizard on level 7 of the Dungeon)

   [ring of positive energy]

   Int:       It affects your intelligence (+3).
   rPois:     It protects you from poison.
   rN:        It protects you from negative energy.
   *Corrode:  It may corrode you when you take damage.
   Will:      It increases your willpower.
   Stlth:     It makes you more stealthy.
 s - a +6 ring of intelligence
 x - the ring "Velarph" {Drain Int+4 Dex-5 Slay+4 Stlth+}
   (You took it off an orc on level 7 of the Dungeon)

   [ring of slaying]

   Int:       It affects your intelligence (+4).
   Dex:       It affects your dexterity (-5).
   Slay:      It affects your accuracy & damage with ranged weapons and melee
   (+4).
   Drain:     It drains your maximum health when unequipped.
   Stlth:     It makes you more stealthy.
 y - the ring "Milenlul" (left paw) {rC+ Will- rCorr Str+3 Dex+9}
   (You found it on level 7 of the Dungeon)

   [ring of resist corrosion]

   Str:       It affects your strength (+3).
   Dex:       It affects your dexterity (+9).
   rC:        It protects you from cold.
   rCorr:     It protects you from acid and corrosion.
   Will:      It decreases your willpower.
 z - a ring of flight
 B - a ring of protection from cold (right paw)
 J - a +6 ring of strength
Wands
 m - a wand of paralysis (22)
 w - a wand of flame (7)
Scrolls
 a - a scroll of silence
 c - 3 scrolls of amnesia
 g - 3 scrolls of enchant weapon
 n - 2 scrolls of identify
 o - a scroll of torment
 r - a scroll of fog
 t - a scroll of magic mapping
 v - a scroll of immolation
 C - 7 scrolls of teleportation
 D - a scroll of fear
 G - a scroll of blinking
 H - a scroll of poison
 I - 2 scrolls of acquirement
 L - a scroll of vulnerability
Potions
 b - 4 potions of brilliance
 d - 9 potions of flight
 e - 13 potions of curing
 f - 5 potions of attraction
 i - 6 potions of mutation
 j - 3 potions of might
 k - a potion of haste
 u - 6 potions of lignification
 A - a potion of heal wounds
 E - a potion of ambrosia
 F - 2 potions of invisibility
 K - a potion of magic


   Skills:
 + Level 13.3 Fighting
 + Level 13.6 Dodging
 - Level 3.9 Stealth
 - Level 10.0 Spellcasting
 - Level 8.7 Hexes
 + Level 11.1 Summonings
 + Level 10.1 Translocations
 - Level 7.0 Air Magic


You had one spell level left.
You knew the following spells:

 Your Spells              Type           Power      Damage    Failure   Level
a - Summon Small Mammal   Summ           100%       N/A       1%          1
b - Call Imp              Summ           53%        N/A       1%          2
c - Call Canine Familiar  Summ           53%        N/A       1%          3
d - Summon Guardian Gole  Hex/Summ       49%        N/A       1%          3
e - Summon Lightning Spi  Summ/Air       46%        N/A       1%          4
f - Summon Mana Viper     Hex/Summ       49%        N/A       3%          5
g - Summon Cactus Giant   Summ           26%        N/A       11%         6
h - Summon Forest         Summ/Tloc      25%        N/A       2%          5
i - Slow                  Hex            100%       N/A       1%          1

Your spell library contained the following spells:

 Spells                   Type           Power      Damage    Failure   Level
 Apportation              Tloc           100%       N/A       1%          1
 Magic Dart               Conj           40%        1d5       7%          1
 Necrotise                Necr           40%        1d6       7%          1
 Confusing Touch          Hex            45%        N/A       1%          3
 Dazzling Flash           Conj/Hex       54%        N/A       3%          3
 Silence                  Hex/Air        20%        N/A       8%          5
 Mephitic Cloud           Conj/Pois/Air  19%        N/A       9%          3
 Iskenderun's Mystic Bla  Conj/Tloc      30%        2d8       9%          4
 Fulminant Prism          Conj/Hex       13%        3d9       12%         4
 Vampiric Draining        Necr           10%        2d6       21%         3
 Agony                    Necr           10%        N/A       88%         5
 Lee's Rapid Deconstruct  Erth           5%         3d7*      88%         5
 Borgnjor's Revivificati  Necr           5%         N/A       100%        8
 Necromutation            Tmut/Necr      5%         N/A       100%        8
 Death's Door             Necr           5%         N/A       100%        9


Dungeon Overview and Level Annotations

Branches:
Dungeon (12/15)            Temple (1/1) D:5            Lair (5/5) D:10
  Swamp (0/4) Lair:2       Spider (0/4) Lair:3          Orc (0/2) D:12
  IceCv (1/1)
  Slime: Lair:4-5

Altars:
Ashenzari
Cheibriados
Dithmenos
Elyvilon
Fedhas
Gozag
Hepliaklqana
Kikubaaqudgha
Makhleb
Nemelex Xobeh
Okawaru
Qazlal
Ru
Sif Muna
Trog
Uskayaw
Vehumet
Wu Jian
Xom
Yredelemnul
Zin
The Shining One
Lugonu

Shops:
D:12 *

Annotations:
D:8 1 runed translucent door, sigtrap's ghost, novice GnCj
D:9 exclusion: ice statue
D:10 1 runed translucent door
Lair:2 2 transporters


Innate Abilities, Weirdness & Mutations

You have sharp claws.
You have razor-sharp teeth.
You have supernaturally acute eyesight. (SInv)
You cover ground quickly. (Speed+)
Your thick and shaggy fur keeps you warm. (AC +3, rC+)
Your paws help you pounce on unaware monsters.
You are incapable of wielding weapons or throwing items.
You cannot wear armour.
You gain extra lives every three experience levels.


Message History

The polar bear claws your guardian golem but does no damage.
The polar bear claws your guardian golem.
Your guardian golem overheats!
The polar bear bites your guardian golem but does no damage.
The polar bear claws your guardian golem.
Flame seeps out of your guardian golem.
The polar bear claws your guardian golem but does no damage.
The polar bear bites your guardian golem!
Flame seeps out of your guardian golem.
The polar bear claws your guardian golem but does no damage. x2
Your guardian golem is engulfed in blazing flames.
Flame seeps out of your guardian golem.
The polar bear bites your guardian golem!
Your guardian golem disappears in a puff of smoke!
Your guardian golem explodes!
The fiery explosion engulfs the polar bear!!
The polar bear is engulfed in blazing flames.
The polar bear goes berserk!
The polar bear rages.
Casting: Summon Guardian Golem (safe; 1% risk of failure)
Confirm with . or Enter, or press ? or * to list all spells.
A mana viper appears with a sibilant hiss.
The polar bear completely misses you. x2; The polar bear misses you.
Casting: Summon Mana Viper (dangerous; 3% risk of failure)
Confirm with . or Enter, or press ? or * to list all spells.
A guardian golem appears, shielding your allies.
The polar bear bites you. The polar bear completely misses you.
The polar bear claws you but does no damage.
Your mana viper bites the polar bear but does no damage.
The polar bear bites you!
The polar bear completely misses you. x2
The polar bear bites you!!
* * * LOW HITPOINT WARNING * * *
The polar bear completely misses you. The polar bear barely misses you.
The polar bear rages.
The polar bear completely misses you. The polar bear barely misses you.
The polar bear claws you.
* * * LOW HITPOINT WARNING * * *
The polar bear bites you!!
You die...
Your body crumbles into a pile of gold.

## #....## ###..##
.####..### #...##
##.###...###
###..#
###.####...#
##...##
.#.####...##
#..### ...##...###
##..# ##....###
##..## ######
#..###
##.~@############
####hS#≈~~##..$###
##~~~~#§.§##..##
#~#9#~~.#####..#
#~#####....#..###
## #.....#..#...#
#.⌠.#########§
#.[.# ## #####


You could see a polar bear (berserk, ally target), a friendly mana viper
(summoned, sheltered) and a friendly guardian golem (summoned).

Vanquished Creatures
  2 phantoms
  3 electric eels
  An adder (D:2)
  3 orcs
  2 ball pythons (D:2)
  An endoplasm (D:2)
  A giant cockroach (D:3)
  A goblin (D:1)
  2 hobgoblins
  A jackal (D:3)
  A quokka (D:1)
  2 frilled lizards (D:3)
  A kobold (D:2)
  A rat (D:1)
22 creatures vanquished.

Vanquished Creatures (collateral kills)
  4 hydras
  A boulder beetle (D:7)
  2 two-headed ogres
  5 skeletal warriors (D:11)
  2 bog bodies (Lair:2)
  An ugly thing (D:12)
  5 cyclopes
  7 elephants
  3 black mambas
  6 cane toads
  A smoke demon (Lair:5)
  An ice statue (IceCv)
  5 komodo dragons
  3 kobold demonologists
  An unseen horror (D:12)
  A rime drake (Lair:2)
  Psyche (D:11)
  5 trolls
  3 polar bears (IceCv)
  2 dream sheep (Lair:5)
  5 blink frogs
  A blink frog (shapeshifter) (D:11)
  2 slime creatures (D:9)
  2 culicivoras (Lair:3)
  3 shadows
  3 small abominations (Lair:5)
  A vampire (D:7)
  40 yaks
  4 wyverns
  5 basilisks
  2 steam dragons
  7 vampire mosquitoes
  2 swamp worms (Lair:2)
  4 acid dragons
  10 water moccasins
  5 orc warriors
  3 sky beasts
  A black bear (D:7)
  An ice beast (D:7)
  17 wolves
  6 centaurs
  A phantom (D:7)
  A kobold brigand (D:8)
  5 nameless horrors
  8 bullfrogs
  6 scorpions
  2 wights (D:7)
  12 killer bees
  5 howler monkeys
  2 jellies
  5 hounds
  4 orc priests
  15 orc wizards
  11 gnolls
  6 adders
  3 white imps
  2 worms
  3 dart slugs
  40 orcs
  4 ball pythons
  3 bats
  7 endoplasms
  2 giant cockroaches
  3 goblins
  4 hobgoblins
  11 jackals
  3 quokkas
  4 frilled lizards
  8 kobolds
  11 rats
  A bush (Lair:3)
375 creatures vanquished.

Vanquished Creatures (others)
  A boulder beetle (D:7)
  4 death yaks (IceCv)
  A gargoyle (D:11)
  An unseen horror (D:7)
  Maggie (D:7)
  2 polar bears (IceCv)
  A troll (D:7)
  A nameless horror (IceCv)
  A slime creature (D:9)
  A wyvern (D:6)
  10 yaks
  A steam dragon (D:7)
  Edmund (D:4)
  A water moccasin (D:7)
  An ice beast (D:7)
  3 black bears
  3 wolves (IceCv)
  A centaur (D:5)
  A phantom (D:5)
  A bullfrog (D:7)
  2 scorpions
  3 wights (D:7)
  A killer bee (D:9)
  2 orc priests
  2 hounds
  3 jellies
  A gnoll bouda (D:7)
  An iguana (D:5)
  An orc wizard (D:5)
  6 gnolls
  An adder (D:5)
  2 orcs
  24 fungi
  38 plants
  7 snaplasher vines
131 creatures vanquished.

Grand Total: 528 creatures vanquished

Notes
Turn   | Place    | Note
-------+----------+-------------------------------------------
     0 | D:1      | croobank the Felid Summoner began the quest for the Orb.
     0 | D:1      | Reached XP level 1. HP: 7/7 MP: 4/4
   279 | D:1      | Reached XP level 2. HP: 11/11 MP: 3/6
   282 | D:1      | Learned a level 2 spell: Call Imp
   954 | D:1      | Reached XP level 3. HP: 14/14 MP: 3/7
  1674 | D:1      | Learned a level 3 spell: Call Canine Familiar
  2442 | D:2      | Reached XP level 4. HP: 18/18 MP: 8/8
  3403 | D:2      | Identified a scroll of acquirement
  3403 | D:2      | Acquired a book of the Wilderness
  3690 | D:3      | Reached skill level 1 in Fighting
  3833 | D:3      | Found a faded altar of an unknown god.
  4440 | D:4      | Reached XP level 5. HP: 22/22 MP: 2/10
  4444 | D:4      | Learned a level 3 spell: Summon Guardian Golem
  4770 | D:4      | Identified the +2 ring mail of the Pink Corner {+Blink}
  4777 | D:4      | Noticed Edmund
  4779 | D:4      | Noticed a nameless horror
  4791 | D:4      | Killed a nameless horror
  4981 | D:4      | Reached skill level 1 in Hexes
  5094 | D:4      | Noticed a black bear
  5120 | D:4      | Killed Edmund
  5121 | D:4      | Gained mutation: You are covered in thick fur. (AC +2)
                  | [Felid growth]
  5121 | D:4      | Reached XP level 6. HP: 21/27 MP: 6/11
  5151 | D:4      | Reached skill level 5 in Summonings
  5374 | D:4      | Reached skill level 5 in Dodging
  5624 | D:5      | Entered Level 5 of the Dungeon
  5630 | D:5      | Found a staircase to the Ecumenical Temple.
  5654 | Temple   | Entered the Ecumenical Temple
  5757 | D:5      | Reached XP level 7. HP: 31/31 MP: 1/13
  6387 | D:5      | Reached XP level 8. HP: 36/36 MP: 10/15
  6462 | D:5      | Reached skill level 5 in Fighting
  6674 | D:5      | Splashed by a jelly's acid
  6675 | D:5      | Reached XP level 7. HP: -3/33 MP: 4/14
  6991 | D:5      | Found a shimmering altar of Xom.
  7050 | D:5      | Learned a level 4 spell: Summon Lightning Spire
  7074 | D:5      | Reached skill level 5 in Hexes
  7406 | D:5      | Found a radiant altar of Vehumet.
  7406 | D:5      | Found a shimmering blue altar of Sif Muna.
  7407 | D:5      | Found a snail-covered altar of Cheibriados.
  7422 | D:5      | Found a glowing silver altar of Zin.
  7422 | D:5      | Found a white marble altar of Elyvilon.
  7423 | D:5      | Found a broken altar of Ashenzari.
  7424 | D:5      | Found a sacrificial altar of Ru.
  7424 | D:5      | Found a blossoming altar of Fedhas.
  7425 | D:5      | Found a bloodstained altar of Trog.
  7538 | D:6      | Noticed a wyvern
  7538 | D:6      | You fall into a shaft and drop 2 floors!
  7591 | D:7      | Noticed Maggie
  7602 | D:7      | Killed Maggie
  7603 | D:7      | Reached XP level 8. HP: 24/38 MP: 9/15
  7750 | D:7      | Found an ornate altar of the Wu Jian Council.
  7756 | D:7      | Noticed a spectral centipede
  7756 | D:7      | Noticed a spectral black mamba
  8068 | D:7      | Reached skill level 5 in Spellcasting
  8631 | D:6      | Reached XP level 9. HP: 43/43 MP: 6/17
 10833 | D:7      | Reached XP level 10. HP: 4/48 MP: 4/22
 11114 | D:7      | Learned a level 5 spell: Summon Mana Viper
 11125 | D:7      | Found a runed translucent door.
 11125 | D:7      | Noticed a boulder beetle
 11125 | D:7      | Noticed a boulder beetle
 11286 | D:7      | Identified the ring "Velarph" {Drain Int+4 Dex-5 Slay+4
                  | Stlth+}
 11294 | D:7      | Noticed a cyclops
 11301 | D:7      | Killed a cyclops
 11302 | D:7      | Identified the ring "Otaoplay" {*Corrode rPois rN+ Will+
                  | Int+3 Stlth+}
 11387 | D:7      | Identified the ring of Salvation {rElec rN+++ rCorr Str-5
                  | Int+6}
 11459 | D:7      | Identified the ring "Milenlul" {rC+ Will- rCorr Str+3
                  | Dex+9}
 11526 | D:7      | Found a runed translucent door.
 11526 | D:7      | Found a runed translucent door.
 11610 | D:7      | Reached XP level 11. HP: 52/52 MP: 5/23
 11622 | D:7      | Killed a boulder beetle
 11623 | D:7      | Killed a boulder beetle
 12515 | D:8      | Identified the +7 mace of Circular Logic {freeze, rN+
                  | rCorr}
 13163 | D:8      | Found a runed translucent door.
 13164 | D:8      | Noticed sigtrap's ghost (novice GnCj)
 13165 | D:8      | Identified the +2 trident of the Insatiable Orbs {flame,
                  | rC+ Int+4}
 14340 | D:9      | Reached skill level 10 in Dodging
 14607 | D:10     | Entered Level 10 of the Dungeon
 14693 | D:10     | Reached skill level 10 in Fighting
 15403 | D:10     | Found a runed translucent door.
 15783 | D:10     | Found a basalt altar of Yredelemnul.
 15784 | D:10     | Found a staircase to the Lair.
 16319 | D:10     | Found a sparkling altar of Nemelex Xobeh.
 16320 | D:10     | Found an opulent altar of Gozag.
 16325 | D:10     | Became a worshipper of Gozag Ym Sagoz the Greedy
 16478 | D:10     | Identified the +7 scale mail "Ytalylath" {Regen+}
 16660 | D:11     | Learned a level 6 spell: Summon Cactus Giant
 16861 | D:11     | Reached skill level 1 in Translocations
 16944 | D:11     | Noticed a two-headed ogre
 16963 | D:11     | Killed a two-headed ogre
 16970 | D:11     | Reached skill level 10 in Summonings
 17080 | D:11     | Noticed Psyche
 17087 | D:11     | Killed Psyche
 17581 | D:11     | Noticed a skeletal warrior
 17581 | D:11     | Noticed a skeletal warrior
 17595 | D:11     | Noticed a skeletal warrior
 17596 | D:11     | Killed a skeletal warrior
 17597 | D:11     | Gained mutation: Your thick and shaggy fur keeps you warm.
                  | (AC +3, rC+) [Felid growth]
 17597 | D:11     | Reached XP level 12. HP: 59/59 MP: 8/25
 17610 | D:11     | Reached skill level 5 in Air Magic
 18218 | D:11     | Found the +7 captain's cutlass {speed, disarm}
 18382 | D:12     | Found a staircase to the Orcish Mines.
 18742 | D:12     | Noticed a two-headed ogre
 18751 | D:12     | Killed a two-headed ogre
 18752 | D:12     | Reached skill level 5 in Translocations
 19046 | D:12     | Learned a level 5 spell: Summon Forest
 19568 | D:12     | Found Syotyi's General Store.
 19808 | D:12     | Bought a ring of protection from cold for 350 gold pieces
 19808 | D:12     | Bought a scroll of teleportation for 42 gold pieces
 19808 | D:12     | Bought a wand of flame (7) for 68 gold pieces
 19808 | D:12     | Bought a scroll of fear for 56 gold pieces
 19808 | D:12     | Bought a potion of ambrosia for 112 gold pieces
 20052 | Lair:1   | Entered Level 1 of the Lair of Beasts
 20257 | Lair:1   | Noticed a five-headed hydra
 20271 | Lair:1   | Killed a five-headed hydra
 20807 | Lair:1   | Reached XP level 13. HP: 64/64 MP: 22/27
 22490 | Lair:2   | Found a transporter.
 22491 | Lair:2   | Found a transporter.
 22659 | Lair:2   | Found a staircase to the Swamp.
 23988 | Lair:3   | Mangled by a blink frog
 23989 | Lair:3   | Reached XP level 12. HP: -10/61 MP: 12/26
 24005 | Lair:3   | Reached skill level 10 in Spellcasting
 24093 | Lair:3   | Found a hole to the Spider Nest.
 24794 | Lair:3   | You fall into a shaft and drop 2 floors!
 24794 | Lair:5   | Entered Level 5 of the Lair of Beasts
 24814 | Lair:5   | Slain by a dream sheep
 24815 | Lair:5   | Reached XP level 11. HP: 0/58 MP: 15/26
 24815 | Lair:5   | Reached XP level 12. HP: 63/63 MP: 27/27
 24875 | Lair:5   | Learned a level 1 spell: Slow
 24876 | Lair:5   | Found a frozen archway.
 24994 | IceCv    | Entered an ice cave
 26287 | IceCv    | Noticed a death yak
 26304 | IceCv    | Killed a death yak
 26586 | IceCv    | Noticed a death yak
 26586 | IceCv    | Noticed a death yak
 26594 | IceCv    | Noticed a death yak
 26634 | IceCv    | Killed a death yak
 26634 | IceCv    | Killed a death yak
 26635 | IceCv    | Reached skill level 10 in Translocations
 26643 | IceCv    | Killed a death yak
 27036 | IceCv    | Noticed an ironbound frostheart
 27036 | IceCv    | Noticed an ironbound frostheart
 27144 | IceCv    | Slain by a polar bear

Illustrated notes

Levels and vault maps discovered:
D:1:      minmay_arrival_checkered_box, layout_basic,
          chequers_serial_rivers_micro_e, minmay_small_reverse_x
D:2:      layout_loops_corners, minmay_tromino_v4_c
D:3:      layout_basic, shapermc_ecumenical_altar_mp_ritualfount
D:4:      layout_basic, uniq_edmund
D:5:      layout_basic, nicolae_overflows_in_rows,
          minmay_temple_entry_statues_pillars, minmay_manual_mess
D:6:      layout_loops_ring
D:7:      minmay_the_grid_triangle_9x9_rhombus_full
          [minmay_the_grid_triangle_9x9_sparse_checkered,
          minmay_the_grid_triangle_9x9_longest,
          minmay_the_grid_triangle_9x9_alien,
          minmay_the_grid_triangle_9x9_empty,
          minmay_the_grid_triangle_9x9_fully_insulated_deathbox,
          minmay_the_grid_triangle_9x9_descending_squares,
          minmay_the_grid_triangle_9x9_zippers_vertical,
          minmay_the_grid_triangle_9x9_prize_special], layout_rooms,
          pdpol_wu_jian_five_deadly_venoms, minivault_1, minmay_misc_feat_x,
          uniq_maggie
D:8:      layout_loops_ring, ebering_ghost_funeral_grove,
          corexii_leaking_fountain
D:9:      layout_basic, minivault_16, chequers_serial_rivers_micro_e,
          grunt_decor_clamped
D:10:     layout_basic, grunt_temple_overflow_opulence, dk_yredelemnul_ordeal,
          lair_entry_dummy, minmay_variable_closet
D:11:     layout_roguey, kennysheep_small_circle, uniq_psyche
D:12:     layout_cave_pools, orc_0_dummy, nicolae_inconvenience_store
Temple:   corrupted_temple
Lair:1:   cheibrodos_lair_river_kwai, layout_regular_city, lemuel_fruit_tree
Lair:2:   gammafunk_boulding_lane, layout_gridlike,
          nicolae_swamp_entry_splash_gauntlet
Lair:3:   layout_cave_pods, hellmonk_spider_entry_life_and_decay,
          serial_bayou_shore_a
Lair:5:   hellmonk_lair_end_abyssal_woods, layout_layer_cave, basic_altar,
          portal_ice_cave_entry_pillars_1, kennysheep_basilisk_garden,
          grunt_megastairs_1
IceCv:    ice_cave_caverns_03

Skill      XL: |  1  2  3  4  5  6  7  8  9 10 11 12 13 |
---------------+----------------------------------------+-----
Stealth        | 3 |  3.9
Dodging        | 3 4 5 6 7 8 9 10 13 12 | 13.6
Fighting       | 1 2 3 6 7 8 10 13 | 13.3
Spellcasting   | 3 4 5 7 8 10 | 10.0
Hexes          | 1 3 5 8 |  8.7
Summonings     | 5 6 8 9 10 11 | 11.1
Air Magic      | 4 7 |  7.0
Translocations | 3 10 8 | 10.1

Action                   |  1- 3 |  4- 6 |  7- 9 | 10-12 | 13-15 || total
-------------------------+-------+-------+-------+-------+-------++-------
Melee: Unarmed           |    17 |    33 |    54 |    22 |     6 ||   132
       Bite              |       |     5 |     6 |     8 |       ||    19
       Punch             |       |       |     1 |       |       ||     1
 Cast: Summon Small Mamm |    48 |    47 |    61 |    19 |     3 ||   178
       Call Imp          |    16 |    22 |    23 |    12 |       ||    73
       Call Canine Famil |     1 |    29 |    39 |    32 |     5 ||   106
       Summon Guardian G |       |     4 |    29 |    50 |     3 ||    86
       Summon Lightning  |       |       |     2 |    67 |    12 ||    81
       Summon Mana Viper |       |       |       |    68 |    17 ||    85
       Summon Cactus Gia |       |       |       |    23 |    10 ||    33
       Summon Forest     |       |       |       |    10 |     4 ||    14
Invok: Potion Petition   |       |       |       |     1 |       ||     1
Evoke: Wand              |       |       |     1 |     4 |     3 ||     8
  Use: Scroll            |       |    12 |     5 |     9 |     1 ||    27
       Potion            |       |     1 |     1 |     3 |       ||     5
 Stab: Sleeping          |     2 |     8 |       |     2 |       ||    12
       Distracted        |       |     1 |       |       |       ||     1
       Paralysed         |       |       |       |     3 |       ||     3
Armor: Skin              |     1 |       |     6 |     9 |     1 ||    17
Dodge: Dodged            |    34 |    44 |   132 |   164 |    57 ||   431
